 Dungeon Crawl Stone Soup version 0.19.5 (webtiles) character file.

204086 sveltemanboy the Impaler (level 18, -2/147 HPs)
             Began as a Demonspawn Monk on Mar 31, 2017.
             Was the Champion of Ashenzari.
             Slain by an alligator snapping turtle (12 damage)
             ... on level 1 of the Shoals on Apr 3, 2017.
             The game lasted 02:02:49 (37521 turns).

sveltemanboy the Impaler (Demonspawn Monk)         Turns: 37521, Time: 02:02:50

Health: -2/147     AC: 27    Str: 15    XL:     18   Next: 0%
Magic:  0/29       EV: 25    Int: 17    God:    Ashenzari [******]
Gold:   2208       SH:  9    Dex: 22    Spells: 5 memorised, 4 levels left

rFire  + . .     SeeInvis +     E - +6 demon trident (flame) (curse)
rCold  . . .     Gourm    .     b - +2 ring mail {rPois} (curse)
rNeg   . . .     Faith    .     y - +3 buckler {AC+3} (curse)
rPois  +         Spirit   +     H - +2 hat {Spirit} (curse)
rElec  .         Reflect  .     f - +2 cloak (curse)
rCorr  +         Harm     .     e - +2 pair of gloves (curse)
MR     ++...     Clarity  +     r - +2 pair of boots (curse)
Stlth  +++.......               u - amulet of guardian spirit (curse)
                                h - ring of protection from fire (curse)
                                B - ring of protection from magic (curse)

@: agile
A: antennae 1, hooves 2, yellow scales 3, clarity, clever 1, deformed body,
powered by pain 3, robust 1, rot immunity
a: Curse Item, Scrying, Transfer Knowledge, Renounce Religion
}: 1/15 runes: gossamer


You were on level 1 of the Shoals.
You worshipped Ashenzari.
Ashenzari was exalted by your worship.
You were not hungry.

You visited 5 branches of the dungeon, and saw 28 of its levels.
You also visited: Labyrinth and Bailey.

You collected 2867 gold pieces.
You spent 659 gold pieces at shops.

Inventory:

Hand Weapons
 E - a cursed +6 demon trident of flaming (weapon)
Armour
 b - a cursed +2 ring mail of poison resistance (worn)
 e - a cursed +2 pair of gloves (worn)
 f - a cursed +2 cloak (worn)
 r - a cursed +2 pair of boots (worn)
 y - a cursed +3 buckler of protection (worn)
 H - a cursed +2 hat of spirit shield (worn)
 T - a cursed +0 cloak of invisibility
Jewellery
 h - a cursed ring of protection from fire (right hand)
 n - an uncursed ring of wizardry
 u - a cursed amulet of guardian spirit (around neck)
 B - a cursed ring of protection from magic (left hand)
 J - an uncursed ring of protection from cold
Wands
 w - a wand of iceblast (4/15)
 C - a wand of paralysis (8/24)
 G - a wand of acid (1/15)
 I - a wand of acid (10/15)
 M - a wand of confusion (20/48)
 N - a wand of iceblast (5/15)
Scrolls
 a - 3 scrolls of remove curse
 k - 9 scrolls of magic mapping
 l - a scroll of fog
 m - 5 scrolls of enchant armour
 o - 2 scrolls of recharging
 p - 7 scrolls of teleportation
 D - a scroll of amnesia
 F - 12 scrolls of identify
 K - a scroll of fear
 O - a scroll of brand weapon
Potions
 d - 4 potions of ambrosia
 i - a potion of curing
 s - 2 potions of berserk rage
 x - a potion of magic
 L - a potion of agility
 P - a potion of resistance
 R - 2 potions of brilliance
Miscellaneous
 z - a lamp of fire (inert)
 Q - a phial of floods
Comestibles
 c - 22 bread rations
 g - 10 royal jellies
 q - 2 slices of pizza
 t - 6 chunks of flesh
 v - 9 meat rations
 A - 10 beef jerkies


   Skills:
 - Level 10.0 Fighting
   Level 3.0 Maces & Flails
 * Level 16.4(20.2) Polearms
 - Level 8.0(12.4) Armour
 - Level 6.9(11.4) Dodging
 - Level 1.7 Stealth
 - Level 2.8(5.3) Shields
 - Level 3.4 Spellcasting
 * Level 14.6(18.6) Hexes
 - Level 2.0(5.3) Ice Magic
 - Level 15.3(19.3) Evocations


You had 4 spell levels left.
You knew the following spells:

 Your Spells              Type           Power        Failure   Level  Hunger
a - Tukima's Dance        Hex            ######..     1%          3    ###....
b - Confuse               Hex            ######..     1%          3    ###....
c - Ensorcelled Hibernat  Hex/Ice        #####.       1%          2    ##.....
d - Discord               Hex            ######....   82%         8    #######
e - Spectral Weapon       Hex/Chrm       #####...     1%          3    ###....


Dungeon Overview and Level Annotations

Branches:
Dungeon (15/15)            Temple (0/1) D:4            Lair (6/6) D:9
 Shoals (1/4) Lair:3       Spider (4/4) Lair:3        Slime (0/5) Lair:5
    Orc (2/2) D:11            Elf (0/3) Orc:2        Vaults (0/5) D:13
 Depths (0/5) D:15

Altars:
Ashenzari
Cheibriados
Dithmenos
Elyvilon
Fedhas
Gozag
Hepliaklqana
Kikubaaqudgha
Okawaru
Qazlal
Sif Muna
Trog
Vehumet
Yredelemnul
Zin
Beogh

Shops:
D:5 %   D:14 =   D:15 (   Orc:2 !}:[

Annotations:
D:3 Dowan, Duvessa
D:4 Sigmund
D:8 1 runed door


Innate Abilities, Weirdness & Mutations

You have hoof-like feet.
You are completely covered in yellow scales. (AC +4, rCorr)
You are powered by pain.
You are immune to rotting.
You have a pair of small antennae on your head.
You possess an exceptional clarity of mind.
Your mind is acute. (Int +2)
Armour fits poorly on your strangely shaped body.
You are robust. (+10% HP)


Message History

Aim: an alligator snapping turtle (severely wounded)
The mass of ice explodes!
The iceblast engulfs the alligator snapping turtle.
The alligator snapping turtle is severely wounded.
This wand has 5 charges left.
The alligator snapping turtle bites you but does no damage.
Evoke which item? (* to show all) (? for menu, Esc to quit)
Zapping:
M - a wand of confusion (22/48)
Press: ? - help, Shift-Dir - straight line, f/p - alligator snapping turtle
Aim: an alligator snapping turtle (severely wounded, chance to defeat MR: 45%)
The alligator snapping turtle resists with some effort.
This wand has 21 charges left.
Evoke which item? (* to show all) (? for menu, Esc to quit)
Zapping:
M - a wand of confusion (21/48)
Press: ? - help, Shift-Dir - straight line, f/p - alligator snapping turtle
Aim: an alligator snapping turtle (severely wounded, chance to defeat MR: 45%)
The alligator snapping turtle resists with some effort.
This wand has 20 charges left.
The alligator snapping turtle bites you from afar!
You die...

≈≈≈≈........[..#..≈≈≈≈≈≈≈≈≈ ≈
≈≈........(######..≈≈≈≈≈≈≈≈≈ *
≈≈≈≈.#...(## ##.≈≈≈≈≈≈≈≈ ≈
≈≈≈≈..>...# ### #.≈≈≈≈≈≈≈≈≈
≈≈≈≈.....(###.# ##.≈≈≈≈≈≈≈ ≈
≈≈≈≈.###..(...# #.≈≈≈≈≈≈≈ *
≈≈≈≈.###......# #.≈≈≈≈≈≈≈
≈≈≈...##......#####.≈≈≈≈≈≈≈ ≈*
.#.....###....t.@...≈≈≈≈≈≈≈≈ *
##.....####........≈≈≈≈≈≈≈≈ ≈*
........##........≈≈≈≈≈≈≈≈≈≈≈*
≈....#.........≈≈≈≈≈≈≈≈≈≈≈≈≈
≈...##.......≈.≈≈≈≈≈≈≈≈≈≈≈≈ *
≈≈≈≈.......≈≈...≈≈≈≈≈≈≈≈≈≈≈≈≈*
≈≈≈≈≈.....≈≈≈..≈≈≈≈≈≈≈≈≈≈≈≈≈
≈≈≈≈≈≈.≈≈.≈≈≈≈≈≈≈≈≈≈≈≈≈≈≈≈ ≈
...≈≈≈≈≈≈.≈≈≈≈≈≈≈≈≈≈≈≈≈≈≈≈≈ ≈*


You could see an alligator snapping turtle.

Vanquished Creatures
  Nikola (Spider:4)
  Arachne (Spider:4)
  Rupert (D:13)
  Asterion (Spider:4)
  The ghost of Rester5115 the Impaler, an adept HOFi of Okawaru (Spider:1)
  The ghost of Sagrath01 the Warrior, an adept DsWn of Okawaru (Spider:4)
  Frances (Shoals:1)
  A ghost moth (Spider:4)
  4 emperor scorpions
  An orc warlord (Bailey)
  6 entropy weavers
  Azrael (D:15)
  3 spark wasps
  A minotaur (Lab)
  A merfolk javelineer (Shoals:1)
  A merfolk impaler (Shoals:1)
  A fire dragon (D:14)
  2 ogre magi
  5 hydras
  Fannar (Orc:1)
  The ghost of Hybris the Spear-Bearer, a journeyman DsBe of Trog (D:12)
  The ghost of Agrougrou the Basher, a journeyman FoFi of Okawaru (D:10)
  Erolcha (Orc:2)
  8 vault guards (D:13)
  A merfolk aquamancer (Shoals:1)
  3 centaur warriors
  2 tengu warriors (D:15)
  8 death scarabs (Spider:4)
  Nergalle (Orc:2)
  An unseen horror (D:13)
  4 sea snakes
  A wizard (D:13)
  3 spectral wolf spiders (Spider:4)
  5 hill giants
  A harpy (Lair:6)
  20 orb spiders
  2 wolf spider zombies
  8 orc sorcerers
  A faun (Shoals:1)
  8 manticores
  26 wolf spiders
  An ugly thing (D:13)
  3 deep elf magi
  4 elephants (Lair:5)
  A siren (Shoals:1)
  4 moths of wrath (Spider:4)
  2 cyclopes
  A centaur zombie (D:14)
  2 black mambas
  A water nymph (Shoals:1)
  3 gargoyles
  5 spectral redbacks (Spider:4)
  12 spiny frogs
  A kobold demonologist (D:14)
  13 demonic crawlers
  7 komodo dragons
  5 rime drakes
  A tengu conjurer (D:13)
  A yaktaur (D:13)
  3 freezing wraiths (Spider:2)
  36 jumping spiders
  8 trolls
  3 polar bears (Lair:6)
  3 meliai (D:15)
  10 hornets
  4 jumping spider zombies (Spider:4)
  3 merfolk (Shoals:1)
  2 spectral jumping spiders (Spider:4)
  22 blink frogs
  4 two-headed ogres
  5 spectral tarantellas (Spider:4)
  2 slime creatures (Lair:5)
  A snapping turtle (Shoals:1)
  A tarantella zombie (Spider:4)
  9 hippogriffs
  2 centaur simulacra
  59 redbacks
  3 shadows
  9 wyverns
  2 wraiths (D:15)
  32 tarantellas
  45 yaks
  A vampire (D:14)
  3 fire elementals (D:15)
  3 basilisks
  A water elemental (Shoals:1)
  2 steam dragons
  4 vampire mosquitoes (D:14)
  2 hungry ghosts
  2 wargs
  2 mottled dragons
  A soldier ant (D:11)
  15 water moccasins
  Edmund (D:6)
  3 hell hounds (D:15)
  2 spectral hornets (Spider:4)
  7 porcupines
  5 ice beasts
  3 sky beasts
  2 hornet zombies (Spider:4)
  6 wolves (Lair:1)
  2 necrophages
  15 ogres
  14 orc warriors
  An eye of draining (D:13)
  2 phantoms (D:4)
  20 centaurs
  15 crocodiles
  4 big kobolds
  15 bullfrogs
  A water moccasin zombie (D:7)
  A scorpion (D:4)
  A water moccasin skeleton (D:5)
  14 killer bees
  2 electric eels
  4 wights (D:15)
  6 howler monkeys
  10 crimson imps
  3 centaur skeletons
  7 hounds
  4 jellies
  2 bullfrog skeletons
  18 orc priests
  3 bullfrog zombies
  37 orc wizards
  4 iguanas
  10 worker ants
  3 ogre skeletons (Lab)
  2 hound zombies
  A worker ant zombie (D:9)
  6 gnolls
  9 adders
  5 shadow imps
  3 adder skeletons
  A worm (D:5)
  3 dart slugs
  4 leopard geckos
  90 orcs
  2 ball pythons
  3 bats
  3 giant cockroaches
  9 goblins
  7 hobgoblins
  10 jackals
  4 quokkas
  5 frilled lizards
  A jackal skeleton (D:5)
  A jackal zombie (D:5)
  38 kobolds
  A leopard gecko skeleton (D:7)
  7 rats
  A spectral weapon (Spider:4)
975 creatures vanquished.

Vanquished Creatures (collateral kills)
  Aizul (Shoals:1)
  Urug (Lair:4)
2 creatures vanquished.

Vanquished Creatures (others)
  2 jumping spiders (Spider:4)
  3 redbacks
  A bullfrog skeleton (D:4)
  An orc (Orc:2)
  A fungus (Lair:4)
  7 plants
  14 spectral weapons
29 creatures vanquished.

Grand Total: 1006 creatures vanquished

Notes
Turn   | Place    | Note
-------+----------+-------------------------------------------
     0 | D:1      | sveltemanboy the Demonspawn Monk began the quest for the Orb.
     0 | D:1      | Reached XP level 1. HP: 18/18 MP: 1/1
   599 | D:1      | Reached skill level 3 in Polearms
   602 | D:1      | Gained mutation: You have large cloven feet. [demonic ancestry]
   602 | D:1      | Reached XP level 2. HP: 22/24 MP: 2/2
   654 | D:1      | Reached skill level 1 in Armour
   906 | D:2      | Found a shattered altar of Ashenzari.
   909 | D:2      | Became a worshipper of Ashenzari the Shackled
   909 | D:2      | Reached * piety under Ashenzari
   909 | D:2      | Reached ** piety under Ashenzari
  1097 | D:2      | Reached XP level 3. HP: 29/29 MP: 3/3
  1508 | D:3      | Reached skill level 1 in Maces & Flails
  1641 | D:3      | Reached XP level 4. HP: 32/35 MP: 4/4
  1732 | D:3      | Found a stormy altar of Qazlal.
  2440 | D:3      | Found a bloodstained altar of Trog.
  2440 | D:3      | Found a snail-covered altar of Cheibriados.
  2580 | D:3      | Found a shadowy altar of Dithmenos.
  2829 | D:3      | HP: 1/35 [orc priest/divine providence (8)]
  2860 | D:3      | HP: 1/35 [orc priest/nerve-wracking pain (5)]
  2861 | D:3      | Gained mutation: You sometimes gain a little power by taking damage. [demonic ancestry]
  2861 | D:3      | Reached XP level 5. HP: 1/41 MP: 1/5
  3607 | D:4      | Noticed Duvessa
  3610 | D:4      | Noticed Dowan
  4058 | D:4      | Reached skill level 4 in Polearms
  4058 | D:4      | Reached XP level 6. HP: 43/47 MP: 6/6
  4143 | D:4      | Reached skill level 5 in Polearms
  4505 | D:4      | Reached XP level 7. HP: 41/52 MP: 4/7
  4864 | D:4      | Found a staircase to the Ecumenical Temple.
  4974 | D:4      | Noticed Sigmund
  5083 | D:5      | Entered Level 5 of the Dungeon
  5270 | D:5      | Found a bloodstained altar of Trog.
  5289 | D:5      | Reached *** piety under Ashenzari
  5381 | D:5      | Reached skill level 6 in Polearms
  5514 | D:5      | Found Ahisi's Food Emporium.
  5712 | D:5      | Found a deep blue altar of Sif Muna.
  5720 | D:5      | Found an iron altar of Okawaru.
  5806 | D:5      | Reached skill level 7 in Polearms
  5806 | D:5      | Reached XP level 8. HP: 58/58 MP: 8/8
  5813 | D:5      | Found an opulent altar of Gozag.
  5813 | D:5      | Found a glowing silver altar of Zin.
  6032 | D:6      | Found a blossoming altar of Fedhas.
  6286 | D:6      | Reached skill level 8 in Polearms
  6297 | D:6      | Noticed Edmund
  6310 | D:6      | Killed Edmund
  6547 | D:6      | Found a basalt altar of Yredelemnul.
  6596 | D:6      | Reached skill level 9 in Polearms
  7106 | D:7      | Reached XP level 9. HP: 40/63 MP: 3/9
  7352 | D:7      | Reached skill level 10 in Polearms
  7553 | D:7      | Gained mutation: Scrolls take you a little longer to read. [mutagenic meat]
  7554 | D:7      | Gained mutation: Scrolls take you longer to read. [mutagenic meat]
  7555 | D:7      | Gained mutation: You possess an exceptional clarity of mind. [mutagenic meat]
  7556 | D:7      | Gained mutation: You have a pair of small antennae on your head. [mutagenic meat]
  7737 | D:7      | Reached **** piety under Ashenzari
  7861 | D:8      | Found a basalt altar of Yredelemnul.
  7958 | D:8      | Reached skill level 11 in Polearms
  8142 | D:8      | Found a white marble altar of Elyvilon.
  8535 | D:8      | Noticed a sixfirhy
  8536 | D:8      | Found a runed door.
  8866 | D:8      | Reached skill level 12 in Polearms
  8947 | D:8      | Learned a level 1 spell: Corona
  8969 | D:9      | Reached skill level 1 in Evocations
  8969 | D:9      | Gained mutation: You sometimes gain power by taking damage. [demonic ancestry]
  8969 | D:9      | Reached XP level 10. HP: 43/70 MP: 5/10
  9164 | D:9      | Reached skill level 1 in Hexes
  9235 | D:9      | Learned a level 3 spell: Confuse
  9297 | D:9      | Reached skill level 1 in Spellcasting
  9368 | D:9      | Found a staircase to the Lair.
  9911 | D:10     | Entered Level 10 of the Dungeon
 10032 | D:10     | Reached skill level 5 in Hexes
 10032 | D:10     | Reached skill level 5 in Evocations
 10438 | D:10     | Noticed Agrougrou's ghost (journeyman FoFi)
 10447 | D:10     | Killed Agrougrou's ghost
 10693 | D:10     | Gained mutation: You are powered by pain. [demonic ancestry]
 10693 | D:10     | Reached XP level 11. HP: 73/75 MP: 15/15
 11207 | D:11     | Reached ***** piety under Ashenzari
 11339 | D:11     | Found a staircase to the Orcish Mines.
 11568 | D:11     | Noticed a hill giant
 11590 | D:11     | Killed a hill giant
 11714 | D:11     | Noticed a hill giant
 11732 | D:11     | Killed a hill giant
 11888 | D:11     | Learned a level 3 spell: Tukima's Dance
 11891 | D:11     | Learned a level 2 spell: Ensorcelled Hibernation
 12158 | D:11     | Noticed a hill giant
 12174 | D:11     | Killed a hill giant
 12174 | D:11     | Reached skill level 5 in Fighting
 12230 | D:11     | Noticed a hill giant
 12231 | D:11     | Noticed an eight-headed hydra
 12241 | D:11     | Killed a hill giant
 12243 | D:11     | Killed an eight-headed hydra
 12732 | D:12     | Noticed Hybris's ghost (journeyman DsBe)
 12778 | D:12     | Noticed a deep elf mage
 12792 | D:12     | Killed a deep elf mage
 12895 | Lair:1   | Entered Level 1 of the Lair of Beasts
 13207 | Lair:1   | Gained mutation: You are immune to rotting. [demonic ancestry]
 13207 | Lair:1   | Reached XP level 12. HP: 62/87 MP: 12/19
 13218 | Lair:1   | Reached skill level 10 in Evocations
 14101 | Lair:2   | Reached skill level 1 in Ice Magic
 14770 | Lair:3   | Found a labyrinth entrance.
 14777 | Lab      | Entered a labyrinth
 14908 | Lab      | Reached ****** piety under Ashenzari
 15138 | Lab      | Noticed a minotaur
 15175 | Lab      | Killed a minotaur
 15178 | Lab      | Identified Anazou's Compendium of Ashen Translocation
 15335 | Lair:3   | Found a staircase to the Shoals.
 15993 | Lair:3   | Found a hole to the Spider Nest.
 17242 | Lair:4   | Noticed a four-headed hydra
 17249 | Lair:4   | Killed a four-headed hydra
 17249 | Lair:4   | Gained mutation: You are partially covered in yellow scales. (AC +2) [demonic ancestry]
 17249 | Lair:4   | Reached XP level 13. HP: 81/93 MP: 19/22
 17301 | Lair:4   | Identified the cursed +1 leather armour of Precision Catastrophes {Dex+4}
 17306 | Lair:4   | Noticed Urug
 17319 | Lair:4   | Killed Urug
 17472 | Lair:4   | HP: 4/93 [poisoned by a spiny frog]
 17478 | Lair:4   | HP: 3/93 [poisoned by a spiny frog]
 17484 | Lair:4   | HP: 3/93 [poisoned by a spiny frog]
 17489 | Lair:4   | HP: 3/93 [poisoned by a spiny frog]
 18414 | Lair:5   | Found a staircase to the Slime Pits.
 19091 | Lair:5   | Reached skill level 10 in Hexes
 19341 | Lair:5   | Identified a scroll of acquirement
 19341 | Lair:5   | Got the cursed buckler of the Thoughtful Ships {rPois Int-2 Dex+4}
 19347 | Lair:5   | Identified the cursed +0 buckler of the Thoughtful Ships {rPois Int-2 Dex+4} (You acquired it on level 5 of the Lair of Beasts)
 19432 | Lair:5   | Reached skill level 1 in Shields
 19651 | Lair:6   | Entered Level 6 of the Lair of Beasts
 20096 | Lair:6   | Learned a level 8 spell: Discord
 22030 | Orc:1    | Entered Level 1 of the Orcish Mines
 22326 | Orc:1    | Noticed Fannar
 22418 | Orc:1    | Killed Fannar
 22893 | Orc:2    | Entered Level 2 of the Orcish Mines
 22893 | Orc:2    | Found a roughly hewn altar of Beogh.
 23592 | Orc:2    | Found a staircase to the Elven Halls.
 23791 | Orc:2    | Gained mutation: You are mostly covered in yellow scales. (AC +3) [demonic ancestry]
 23791 | Orc:2    | Reached XP level 14. HP: 103/103 MP: 24/24
 23830 | Orc:2    | Found Sam Qycu's Book Shop.
 23848 | Orc:2    | Found Kovvillo's Antique Armour Boutique.
 23969 | Orc:2    | Found an ancient bone altar of Kikubaaqudgha.
 23970 | Orc:2    | Noticed Nergalle
 24039 | Orc:2    | Killed Nergalle
 24153 | Orc:2    | Found Epegu's Gadget Shop.
 24163 | Orc:2    | Noticed Erolcha
 24172 | Orc:2    | Killed Erolcha
 24175 | Orc:2    | Found a radiant altar of Vehumet.
 24379 | Orc:2    | Found a roughly hewn altar of Beogh.
 24379 | Orc:2    | Found Ceta's Distillery.
 24775 | Orc:2    | Bought a runed buckler for 346 gold pieces
 24775 | Orc:2    | Bought a pair of pitted gloves for 313 gold pieces
 24775 | Orc:2    | Identified the cursed -4 pair of gloves "Qaonwuvi" {rElec rC+ Slay+3} (You bought it in a shop on level 2 of the Orcish Mines)
 25000 | Shoals:1 | Entered Level 1 of the Shoals
 25479 | Shoals:1 | Noticed Frances
 25538 | Shoals:1 | HP: 3/104 [Frances/scimitar (8)]
 25539 | Shoals:1 | Killed Frances
 26034 | Shoals:1 | Noticed Aizul
 26050 | Shoals:1 | Killed Aizul
 26335 | D:12     | Killed Hybris's ghost
 26418 | D:12     | Reached skill level 5 in Armour
 26909 | D:13     | Found a flagged portal.
 26921 | Bailey   | Entered a bailey
 26938 | Bailey   | Noticed an orc warlord
 27125 | Bailey   | Found a runed gate.
 27133 | Bailey   | Found a runed gate.
 27134 | Bailey   | Found a runed gate.
 27196 | Bailey   | Killed an orc warlord
 27233 | Bailey   | Gained mutation: You have hoof-like feet. [demonic ancestry]
 27233 | Bailey   | Reached XP level 15. HP: 111/111 MP: 26/26
 27343 | D:13     | Lost mutation: Scrolls take you longer to read. [mutagenic meat]
 27344 | D:13     | Gained mutation: You are robust. (+10% HP) [mutagenic meat]
 27345 | D:13     | Gained mutation: Armour fits poorly on your strangely shaped body. [mutagenic meat]
 27346 | D:13     | Lost mutation: Scrolls take you a little longer to read. [mutagenic meat]
 27371 | D:13     | Reached skill level 5 in Dodging
 27425 | D:13     | Identified the cursed +1 glaive of a Hundred Nights {elec, rPois Str-3 Int+2}
 27449 | D:13     | Identified the Guide on Icy Stolen Souls
 27487 | D:13     | Found a gate to the Vaults.
 27933 | D:13     | Learned a level 3 spell: Spectral Weapon
 28082 | D:13     | Noticed Rupert
 28098 | D:13     | Killed Rupert
 28220 | D:14     | Found a hazy altar of Hepliaklqana.
 28343 | D:14     | Found Umniteuble's Jewellery Emporium.
 28723 | D:14     | Reached skill level 10 in Fighting
 28723 | D:14     | Gained mutation: You are completely covered in yellow scales. (AC +4, rCorr) [demonic ancestry]
 28723 | D:14     | Reached XP level 16. HP: 119/134 MP: 23/27
 28778 | D:15     | Entered Level 15 of the Dungeon
 28914 | D:15     | Found a deep blue altar of Sif Muna.
 29023 | D:15     | Found Loneng's Weapon Shoppe.
 29160 | D:15     | Found a staircase to the Depths.
 29524 | D:15     | Found an opulent altar of Gozag.
 29600 | D:15     | Noticed Azrael
 29703 | D:15     | Killed Azrael
 29942 | D:15     | Gained mutation: Your mind is acute. (Int +2) [potion of beneficial mutation]
 30250 | Spider:1 | Entered Level 1 of the Spider Nest
 30520 | Spider:1 | Reached skill level 15 in Evocations
 30674 | Spider:1 | Noticed Rester5115's ghost (adept HOFi)
 30716 | Spider:1 | Found a roughly hewn altar of Beogh.
 30735 | Spider:1 | Reached skill level 13 in Polearms
 31315 | Spider:1 | Killed Rester5115's ghost
 32802 | Spider:2 | Reached skill level 14 in Polearms
 33321 | Spider:3 | Reached XP level 17. HP: 61/140 MP: 14/28
 33998 | Spider:4 | Entered Level 4 of the Spider Nest
 34354 | Spider:4 | Noticed Sagrath01's ghost (adept DsWn)
 34386 | Spider:4 | Killed Sagrath01's ghost
 34694 | Spider:4 | Reached skill level 15 in Polearms
 34783 | Spider:4 | Noticed Nikola
 34817 | Spider:4 | Noticed Arachne
 34824 | Spider:4 | Killed Nikola
 34828 | Spider:4 | Noticed Asterion
 34832 | Spider:4 | Killed Arachne
 36487 | Spider:4 | Killed Asterion
 36487 | Spider:4 | Reached skill level 16 in Polearms
 37072 | Spider:4 | Got a gossamer rune of Zot
 37481 | Shoals:1 | HP: 7/140 [merfolk/trident (12)]
 37488 | Shoals:1 | Reached XP level 18. HP: 21/147 MP: 2/29
 37509 | Shoals:1 | HP: 5/147 [alligator snapping turtle (21)]
 37521 | Shoals:1 | Slain by an alligator snapping turtle

Skill      XL: |  1  2  3  4  5  6  7  8  9 10 11 12 13 14 15 16 17 |
---------------+----------------------------------------------------+-----
Polearms       | 3 4 5 7 9 12 14 16 | 16.4
Armour         | 1 2 3 4 7 8 |  8.0
Maces & Flails | 1 2 3 |  3.0
Evocations     | 1 6 9 12 14 15 | 15.3
Hexes          | 6 7 9 10 11 12 14 | 14.6
Spellcasting   | 1 2 3 |  3.4
Dodging        | 3 4 6 |  6.9
Fighting       | 5 6 7 8 10 | 10.0
Ice Magic      | 2 |  2.0
Shields        | 2 |  2.8
Stealth        | |  1.7

Action                   |  1- 3 |  4- 6 |  7- 9 | 10-12 | 13-15 | 16-18 || total
-------------------------+-------+-------+-------+-------+-------+-------++-------
Melee: Spear             |   163 |   122 |       |       |       |       ||   285
       Kick              |    30 |    45 |    86 |   212 |   415 |   109 ||   897
       Halberd           |       |    96 |   433 |   810 |    17 |       ||  1356
       Unarmed           |       |       |     5 |       |       |       ||     5
       Demon trident     |       |       |       |       |  1440 |  1361 ||  2801
 Cast: Tukima's Dance    |       |       |       |     7 |     3 |     5 ||    15
       Confuse           |       |       |       |     4 |    10 |    18 ||    32
       Ensorcelled Hiber |       |       |       |       |     2 |       ||     2
       Spectral Weapon   |       |       |       |       |       |    48 ||    48
Invok: Curse Item        |       |       |     5 |     2 |     2 |     2 ||    11
Evoke: Wand              |       |       |       |    40 |    53 |    46 ||   139
       Lamp of fire      |       |       |       |     1 |     2 |     3 ||     6
       Sack of spiders   |       |       |       |       |     1 |       ||     1
       Phial of floods   |       |       |       |       |     1 |       ||     1
  Use: Potion            |       |     7 |     1 |     9 |     7 |     6 ||    30
       Scroll            |       |       |    15 |     4 |    14 |    11 ||    44
 Stab: Sleeping          |     2 |       |     3 |       |     3 |     1 ||     9
       Distracted        |       |       |     1 |     1 |     4 |    13 ||    19
       Confused          |       |       |       |    14 |    25 |    31 ||    70
       Invisible         |       |       |       |       |     2 |       ||     2
       Held in net/web   |       |       |       |       |     1 |     2 ||     3
  Eat: Chunk             |     2 |     7 |    17 |    25 |    40 |    26 ||   117
       Royal jelly       |       |     1 |       |       |       |       ||     1
       Fruit             |       |       |     4 |     4 |     1 |     6 ||    15
       Pizza             |       |       |       |       |     2 |     3 ||     5
Armor: Ring mail         |    45 |    58 |   117 |   123 |   275 |   451 ||  1069
       Robe              |     1 |       |       |       |       |       ||     1
Dodge: Dodged            |    63 |   108 |   185 |   313 |   567 |   654 ||  1890
Block: Buckler           |       |       |       |       |   270 |   400 ||   670
